 Seeded DCSS version 0.31-a0-208-gdb31a4691d (webtiles) character file.

Game seed: 10414033630809901341 (custom seed)

261 innerfire43 the Trooper (level 5, 0/43 HPs)
             Began as a Demonspawn Monk on June 28, 2023.
             Was a Priest of Jiyva.
             Slain by a kobold
             ... wielding a +0 dagger
              (1 damage)
             ... on level 3 of the Dungeon.
             The game lasted 00:02:27 (2211 turns).

innerfire43 the Trooper (Demonspawn Monk)           Turns: 2211, Time: 00:02:28

Health: 0/43       AC:  3    Str: 13    XL:     5   Next: 96%
Magic:  5/5        EV: 14    Int: 11    God:    Jiyva [***...]
Gold:   111        SH:  0    Dex: 22    Spells: 4/4 levels left

rFire   . . .        n - +9 great sword of Sewiefups {heavy, Stlth+}
rCold   . . .        (shield currently unavailable)
rNeg    . . .        b - +0 robe
rPois   .            (no helmet)
rElec   .            (no cloak)
rCorr   +            j - +0 pair of gloves
SInv    .            (no boots)
Will    .....        m - amulet of reflection
Stlth   ++++++       h - +4 ring of slaying
HPRegen 1.39/turn    (no ring)
MPRegen 0.44/turn

%: reflection
@: confused, ambrosia-drunk
A: hooves 2, demonic guardian 1, thin skeletal structure 3, translucent skin 1
a: Renounce Religion, Oozemancy


You were on level 3 of the Dungeon.
You worshipped Jiyva.
Jiyva was most pleased with you.
You visited 1 branch of the dungeon, and saw 3 of its levels.

You collected 111 gold pieces.

Inventory:

Hand Weapons
 a - a +0 falchion
 n - the +9 great sword of Sewiefups (weapon) {heavy, Stlth+}
   (You found it on level 2 of the Dungeon)

   Stlth:     It makes you more stealthy.
Armour
 b - a +0 robe (worn)
 d - an orb of light
 j - a +0 pair of gloves (worn)
Jewellery
 h - a +4 ring of slaying (left hand)
 m - an amulet of reflection (around neck)
Scrolls
 e - 3 scrolls of identify {unknown}
 g - 4 scrolls of teleportation {unknown}
 i - 3 scrolls of revelation {unknown}
 k - a scroll of blinking {unknown}
 l - a scroll of fog {unknown}
 o - a scroll of immolation {unknown}
 p - 2 scrolls of fear {unknown}
Potions
 c - a potion of ambrosia
 q - a potion of curing


   Skills:
 + Level 4.6 Fighting
 + Level 4.1 Long Blades
 + Level 4.1 Dodging


You had 4 spell levels left.
You didn't know any spells.
Your spell library was empty.

Dungeon Overview and Level Annotations

Branches:
Dungeon (3/15)

Altars:
Wu Jian
Jiyva

Annotations:
D:3 innerfire43's ghost, amateur DsMo


Innate Abilities, Weirdness & Mutations

You have hoof-like feet.
A weak demonic guardian rushes to your aid.
You have an unnaturally thin skeletal structure. (Dex +6, Stealth+++)
Your translucent skin slightly reduces your foes' accuracy. (Stealth+)


Message History

You feel invigorated. The kobold closely misses you. The kobold misses you.
Your shadow imp misses the kobold.
Innerfire43's ghost closely misses you.
Are you sure you want to stumble around while confused and next to the jelly?
This could place you under penance! [Y]es or [N]o only, please.
Are you sure you want to stumble around while confused and next to the jelly?
This could place you under penance!
Okay, then.
Are you sure you want to stumble around while confused and next to the jelly?
This could place you under penance! [Y]es or [N]o only, please.
Are you sure you want to stumble around while confused and next to the jelly?
This could place you under penance! [Y]es or [N]o only, please.
Are you sure you want to stumble around while confused and next to the jelly?
This could place you under penance! [Y]es or [N]o only, please.
Are you sure you want to stumble around while confused and next to the jelly?
This could place you under penance!
You closely miss the kobold. You kick the kobold.
You kill the kobold!
The kobold barely misses you.
Your shadow imp completely misses the kobold.
Innerfire43's ghost hits you!! The kobold closely misses you.
The kobold hits you but does no damage.
Your shadow imp completely misses the kobold.
Innerfire43's ghost closely misses you.
Are you sure you want to stumble around while confused and next to the jelly?
This could place you under penance!
Okay, then.
Are you sure you want to stumble around while confused and next to the jelly?
This could place you under penance!
Okay, then.
Are you sure you want to stumble around while confused and next to the jelly?
This could place you under penance!
Okay, then.
There are monsters nearby!
Are you sure you want to stumble around while confused and next to the jelly?
This could place you under penance!
You miss innerfire43's ghost. Your kick misses innerfire43's ghost.
The kobold closely misses you. x2
Your shadow imp gestures at the kobold.
The kobold writhes in agony!
The kobold dies!
Innerfire43's ghost hits you!! The kobold barely misses you.
Your shadow imp hits innerfire43's ghost but does no damage.
Innerfire43's ghost hits you!
* * * LOW HITPOINT WARNING * * *
The kobold hits you with a +0 dagger.
You die...

#### #.# #..#####
#.# #.##~⌠~## #.#
#.#.....# #####.##
##.'.###..##.......
#..'.....[##.##...#
#5.K.###.$#........
#KW#.....###.#.....
#K@##~⌠~## #.......
#..J##### #####.##
#.###.# #...
#.....# #.##
#####.# ##.## #.#
##...# #.## ##.....
#..## ##...)..
##...####.......


You could see innerfire43's ghost (ally target), 3 kobolds, a neutral jelly
(wandering) (fellow slime) and a friendly shadow imp (summoned).

Vanquished Creatures
  A kobold brigand (D:3)
  A jelly (D:3)
  Terence (D:2)
  4 adders
  2 worms
  2 dart slugs
  7 orcs (D:3)
  5 endoplasms (D:1)
  A giant cockroach (D:1)
  7 goblins
  4 hobgoblins
  7 jackals
  8 kobolds
  4 quokkas
  7 ball pythons
  7 bats
  4 frilled lizards
  5 rats
77 creatures vanquished.

Vanquished Creatures (collateral kills)
  A kobold (D:3)
  A bat (D:1)
2 creatures vanquished.

Vanquished Creatures (others)
  A goblin (D:3)
1 creature vanquished.

Grand Total: 80 creatures vanquished

Notes
Turn   | Place    | Note
-------+----------+-------------------------------------------
     0 | D:1      | innerfire43 the Demonspawn Monk began the quest for the
                  | Orb.
     0 | D:1      | Reached XP level 1. HP: 18/18 MP: 1/1
    95 | D:1      | Gained mutation: A weak demonic guardian rushes to your
                  | aid. [demonic ancestry]
    95 | D:1      | Reached XP level 2. HP: 24/24 MP: 2/2
   485 | D:1      | Discovered your monstrous ancestry.
   485 | D:1      | Gained mutation: You have large cloven feet. [demonic
                  | ancestry]
   485 | D:1      | Reached XP level 3. HP: 27/29 MP: 3/3
   788 | D:2      | Identified the +9 great sword of Sewiefups {heavy, Stlth+}
   941 | D:2      | Noticed Terence
   950 | D:2      | Killed Terence
   951 | D:2      | Gained mutation: You have hoof-like feet. [demonic
                  | ancestry]
   951 | D:2      | Reached XP level 4. HP: 26/37 MP: 4/4
  1340 | D:3      | Reached XP level 5. HP: 42/42 MP: 5/5
  1443 | D:3      | Found a faded altar of an unknown god.
  1537 | D:3      | Prayed at the altar of an unknown god.
  1537 | D:3      | Became a worshipper of Jiyva Joypati the Shapeless
  1537 | D:3      | Reached * piety under Jiyva
  1537 | D:3      | Reached ** piety under Jiyva
  1680 | D:3      | Reached *** piety under Jiyva
  1720 | D:3      | Gained mutation: You have a somewhat thin skeletal
                  | structure. (Dex +2, Stealth+) [Jiyva's grace]
  1720 | D:3      | Gained mutation: You have a moderately thin skeletal
                  | structure. (Dex +4, Stealth++) [Jiyva's grace]
  1720 | D:3      | Gained mutation: You have an unnaturally thin skeletal
                  | structure. (Dex +6, Stealth+++) [Jiyva's grace]
  1720 | D:3      | Gained mutation: Your translucent skin slightly reduces
                  | your foes' accuracy. (Stealth+) [Jiyva's grace]
  1721 | D:3      | Found a runed translucent gate.
  1721 | D:3      | Found a runed translucent gate.
  1721 | D:3      | Found a runed translucent gate.
  1724 | D:3      | Noticed innerfire43's ghost (amateur DsMo)
  1974 | D:3      | Found an ornate altar of the Wu Jian Council.
  2211 | D:3      | HP: 1/43 [innerfire43's ghost (16)]
  2211 | D:3      | Slain by a kobold

Illustrated notes

Levels and vault maps discovered:
D:1:      heliophobic_arrival_henge, layout_basic
D:2:      layout_rooms, uniq_terence
D:3:      layout_loops_corners, mainiacjoe_overflow_cross_hatched,
          nicolae_wu_jian_immortal_techniques, gammafunk_ghost_nasty_kobolds,
          shapermc_ecumenical_altar_flowoftime

Skill      XL: |  1  2  3  4  5 |
---------------+----------------+-----
Dodging        | 3 4 |  4.1
Long Blades    | 3 4 |  4.1
Fighting       | 4 |  4.6

Action                     |  1- 3 |  4- 6 || total
---------------------------+-------+-------++-------
  Melee: Falchion          |    64 |       ||    64
         Great sword       |    16 |    58 ||    74
         Kick              |     1 |     5 ||     6
    Use: Potion            |       |     2 ||     2
   Stab: Sleeping          |     1 |     9 ||    10
         Distracted        |       |     1 ||     1
 Armour: Robe              |     7 |    11 ||    18
  Dodge: Dodged            |    79 |    56 ||   135
  Block: Other             |     3 |    15 ||    18
         Reflection        |       |     2 ||     2

Table legend: (Time is in decaauts)
 A = Elapsed time spent in this place.
 B = Non-inter-level travel time spent in this place.
 C = Inter-level travel time spent in this place.
 D = Time resting spent in this place.
 E = Time spent auto-exploring this place.
 F = Levels seen in this place.
 G = Mean time per level.
                   A        B        C        D        E       F      G
               +--------+--------+--------+--------+--------+-----+--------+
         Total |   2312 |   2258 |     54 |      0 |   1694 |   3 |  770.7 |
       Dungeon |   2312 |   2258 |     54 |      0 |   1694 |   3 |  770.7 |
               +--------+--------+--------+--------+--------+-----+--------+

Top non-repeatable levels by time:
     D:3: 1003 daAuts
     D:1: 790 daAuts
     D:2: 519 daAuts
